 Dungeon Crawl Stone Soup version 0.31-a0-221-gbddc013574 (webtiles) character file.

Game seed: 16748080940363791884

16 Nietzsche the Ducker (level 2, 0/22 HPs)
             Began as a Demonspawn Gladiator on July 4, 2023.
             Slain by a ball python (3 damage)
             ... on level 1 of the Dungeon.
             The game lasted 00:01:46 (486 turns).

Nietzsche the Ducker (Demonspawn Gladiator)          Turns: 486, Time: 00:01:47

Health: 0/22       AC:  3    Str: 14    XL:     2   Next: 37%
Magic:  3/3        EV: 12    Int:  9    God:
Gold:   31         SH:  0    Dex: 14    Spells: 2/2 levels left

rFire   . . .        a - +0 trident
rCold   . . .        (no shield)
rNeg    . . .        b - +0 leather armour
rPois   .            (helmet restricted)
rElec   .            (no cloak)
rCorr   .            (no gloves)
SInv    .            (no boots)
Will    .....        (no amulet)
Stlth   +            (no ring)
HPRegen 0.23/turn    (no ring)
MPRegen 0.08/turn

%: no passive effects
@: no status effects
A: horns 1
a: no special abilities


You were on level 1 of the Dungeon.
You visited 1 branch of the dungeon, and saw 1 of its levels.

You collected 31 gold pieces.

Inventory:

Hand Weapons
 a - a +0 trident (weapon)
Missiles
 d - 3 throwing nets (quivered)
 e - a javelin
Armour
 b - a +0 leather armour (worn)
 c - a +0 helmet
Scrolls
 f - a scroll of vulnerability {unknown}
 g - 2 scrolls of immolation {unknown}
 i - a scroll of identify {unknown}
Potions
 h - a potion of ambrosia {unknown}


   Skills:
 + Level 2.0 Fighting
 + Level 2.9 Polearms
 - Level 1.7 Throwing
 + Level 0.1 Armour
 + Level 3.0 Dodging
 * Level 0.9 Spellcasting


You had 2 spell levels left.
You didn't know any spells.
Your spell library was empty.

Dungeon Overview and Level Annotations

Branches:
Dungeon (1/15)

Altars:


Innate Abilities, Weirdness & Mutations

You have a pair of small horns on your head.


Message History

You hit the quokka.
You kill the quokka!
You see here a quokka corpse.
An endoplasm comes into view.
The endoplasm quivers.
You hit the endoplasm.
You kill the endoplasm!
A goblin comes into view. It is wielding a +0 club.
The goblin shouts!
You hear an angry hiss.
A goblin is nearby!
A ball python comes into view.
You hit the goblin but do no damage. The goblin closely misses you.
You barely miss the goblin. The goblin barely misses you.
You hit the goblin.
The goblin is heavily wounded.
The goblin hits you with a +0 club.
You barely miss the goblin.
The goblin is heavily wounded.
The goblin hits you with a +0 club. The ball python bites you.
The ball python closely misses you.
You barely miss the goblin.
The goblin is heavily wounded.
The goblin completely misses you. The ball python closely misses you.
The ball python grabs you. The ball python constricts you.
The goblin hits you with a +0 club.
You escape the ball python's grasp.
The ball python bites you. The ball python grabs you.
The ball python constricts you. The goblin hits you but does no damage.
You escape the ball python's grasp.
The goblin attacks as you move away! The goblin hits you with a +0 club.
The ball python misses you. The ball python barely misses you.
The ball python attacks as you move away!
The ball python bites you. The ball python barely misses you.
The ball python bites you.
* * * LOW HITPOINT WARNING * * *
The ball python barely misses you. The goblin hits you with a +0 club.
* * * LOW HITPOINT WARNING * * *
The ball python attacks as you move away!
The ball python bites you.
You die...

# ### ..# # #..
#.#.#########.#
####.#.#.......#.#
#..... #.......#.#
# #.##.#
#.......#.#
#.##.##.#
#.......#)#
#...@g..#
#.......#..
####.S..#
#.......### ####.#
#...†...†.# #.#
###..####.#
#.#####..###...
########
#..........#...
#......####
#..####..#.#...
##### #.###.....#
#..##..........
....# #.###.....#
#..##.#.#......


You could see a goblin and a ball python.

Vanquished Creatures
  A dart slug (D:1)
  5 endoplasms (D:1)
  A kobold (D:1)
  2 quokkas (D:1)
  A bat (D:1)
  A frilled lizard (D:1)
  A rat (D:1)
12 creatures vanquished.

Notes
Turn   | Place    | Note
-------+----------+-------------------------------------------
     0 | D:1      | Nietzsche the Demonspawn Gladiator began the quest for the
                  | Orb.
     0 | D:1      | Reached XP level 1. HP: 16/16 MP: 1/1
   350 | D:1      | Discovered your monstrous ancestry.
   350 | D:1      | Gained mutation: You have a pair of small horns on your
                  | head. [demonic ancestry]
   350 | D:1      | Reached XP level 2. HP: 18/22 MP: 3/3
   355 | D:1      | Reached skill level 3 in Dodging
   486 | D:1      | Slain by a ball python

Illustrated notes

Levels and vault maps discovered:
D:1:      lightli_arrival_lavapool, layout_loops_cross

Skill      XL: |  1  2 |
---------------+-------+-----
Dodging        | 3 |  3.0
Fighting       | |  2.0
Polearms       | |  2.9
Throwing       | |  1.7
Armour         | |  0.1
Spellcasting   | |  0.9

Action                     || total
---------------------------++-------
  Melee: Trident           ||    39
         Headbutt          ||     1
 Armour: Leather armour    ||    14
  Dodge: Dodged            ||    34

Table legend: (Time is in decaauts)
 A = Elapsed time spent in this place.
 B = Non-inter-level travel time spent in this place.
 C = Inter-level travel time spent in this place.
 D = Time resting spent in this place.
 E = Time spent auto-exploring this place.
 F = Levels seen in this place.
 G = Mean time per level.
                   A        B        C        D        E       F      G
               +--------+--------+--------+--------+--------+-----+--------+
         Total |    492 |    492 |      0 |      0 |    379 |   1 |  492.0 |
       Dungeon |    492 |    492 |      0 |      0 |    379 |   1 |  492.0 |
               +--------+--------+--------+--------+--------+-----+--------+

Top non-repeatable levels by time:
     D:1: 492 daAuts
